Capitals vs Canucks

Created - Sunday, November 02, 2014 at 00:10

Goals
1 2 3 T
Capitals 2 0 0 2
Canucks 0 1 2 3
Shots
1 2 3 T
Capitals 8 4 6 18
Canucks 8 8 11 27

1st period

1. Capitals , Andrei Loktionov 3 (Jannik Hansen, Greg Zanon) at 8:41
2. Capitals , Andrei Loktionov 4 (Bryan Allen) at 19:23

Penalties :
Richard Panik (VAN) for Hooking (Minor) at 4:23, Chris Phillips (VAN) for Roughing (Double Minor) at 11:36

2nd period

3. Canucks , Nicklas Jensen 1 (Marian Gaborik, Chris Phillips) at 14:40 (SH)

Penalties :
Marcus Foligno (VAN) for Roughing (Minor) at 14:16

3rd period

4. Canucks , Gabriel Bourque 2 (Nathan Horton, Dan Boyle) at 0:37
5. Canucks , Gabriel Bourque 3 (Olli Jokinen, Dan Boyle) at 7:01

Penalties :
Chris Phillips (VAN) for Fighting (Major) at 16:19, John Carlson (WSH) for Fighting (Major) at 16:19, Shane OBrien (VAN) for Fighting (Major) at 16:19, Bryan Allen (WSH) for Fighting (Major) at 16:19, Gabriel Bourque (VAN) for Fighting (Major) at 16:19, Jannik Hansen (WSH) for Fighting (Major) at 16:19, Olli Jokinen (VAN) for High sticking (Double Minor) at 16:19, Nathan Horton (VAN) for Cross-checking (Minor) at 16:19, Ryane Clowe (WSH) for Boarding (Minor) at 16:19, Andrei Loktionov (WSH) for Roughing (Minor) at 16:19

Goalie Stats

Michal Neuvirth (WSH), 24 saves from 27 shots - (0.889), L, 3-5-0, 59:02 minutes
Jonathan Quick (VAN), 16 saves from 18 shots - (0.889), W, 3-4-0, 60:00 minutes

Players Stats for Capitals

Player Name              G  A  P  +/- PIM S  H  SB GA TA FO     MP     PP MP  PK MP  
------------------------------------------------------------------------------------
Adam Burish              0  0  0   0  0   1  0  0  0  0  0/0    11:17   1:30   0:00 
Adam Pardy               0  0  0   0  0   0  1  0  0  0  0/0    15:30   1:21   0:00 
Andrei Loktionov         2  0  2   1  2   3  0  0  0  0  7/23   17:12   4:01   0:00 
Bryan Allen              0  1  1  -1  5   0  1  0  0  0  0/0    20:19   3:10   0:00 
Chris Porter             0  0  0  -1  0   0  0  0  0  0  6/20   16:01   0:46   0:00 
Dustin Penner            0  0  0  -2  0   4  2  1  0  0  0/2    18:51   3:57   0:00 
Eric Tangradi            0  0  0  -1  0   0  2  0  0  0  1/1    15:25   0:10   0:00 
Greg Zanon               0  1  1   0  0   0  1  0  0  0  0/0    22:10   3:45   0:00 
Jakub Kindl              0  0  0   0  0   0  0  1  0  0  0/0    16:09   2:10   0:00 
Jannik Hansen            0  1  1   1  5   3  2  0  0  0  0/0    16:37   3:26   0:00 
Jesper Fast              0  0  0   0  0   0  0  0  0  0  0/1    10:09   0:00   0:00 
John Carlson             0  0  0  -1  5   1  0  5  0  0  0/0    22:43   3:59   0:00 
John-Michael Liles       0  0  0   0  0   1  0  0  0  0  0/0    22:01   3:45   0:00 
Martin Erat              0  0  0  -1  0   1  1  0  0  0  5/10   15:55   3:58   0:00 
Mike Ribeiro             0  0  0  -1  0   2  1  0  0  0  5/8    16:15   4:18   0:00 
Ryane Clowe              0  0  0   1  2   2  0  0  0  0  0/1    17:44   4:33   0:00 
Valeri Nichushkin        0  0  0   0  0   0  0  0  0  0  0/0    12:21   1:51   0:00 
Ville Leino              0  0  0   0  0   0  2  0  0  0  6/10   11:17   1:30   0:00 

Players Stats for Canucks

Player Name              G  A  P  +/- PIM S  H  SB GA TA FO     MP     PP MP  PK MP  
------------------------------------------------------------------------------------
Aaron Ness               0  0  0   0  0   0  0  0  0  0  0/0     6:58   0:00   0:25 
Bryan Bickell            0  0  0  -1  0   1  3  0  0  0  1/2    16:27   0:00   2:50 
Chris Phillips           0  1  1  -1  9   1  0  2  0  0  0/1    16:22   0:00   1:35 
Chris Terry              0  0  0   0  0   0  0  0  0  0  1/7    12:30   0:00   0:19 
Dan Boyle                0  2  2   2  0   2  0  2  0  0  0/0    24:55   0:00   4:44 
Gabriel Bourque          2  0  2   1  5   8  1  0  0  0  0/0    11:40   0:00   0:00 
Jay Harrison             0  0  0   3  0   0  0  0  0  0  0/0    18:31   0:00   4:10 
Marcus Foligno           0  0  0   0  2   1  5  0  0  0  4/7    19:55   0:00   3:18 
Marian Gaborik           0  1  1   1  0   1  0  0  0  0  1/1    20:01   0:00   2:54 
Matt Hunwick             0  0  0   0  0   2  0  0  0  0  0/0    17:21   0:00   2:11 
Michal Handzus           0  0  0  -1  0   0  0  0  0  0  7/8    11:21   0:00   2:47 
Nathan Horton            0  1  1   1  2   4  2  0  0  0  2/2    15:36   0:00   3:27 
Nicklas Jensen           1  0  1   1  0   2  0  0  0  0  1/6    11:39   0:00   2:56 
Olli Jokinen             0  1  1   1  4   1  1  0  0  0  14/21  18:10   0:00   0:00 
Rich Peverley            0  0  0   0  0   2  0  0  0  0  15/21  18:31   0:00   1:41 
Richard Panik            0  0  0  -1  2   2  0  0  0  0  0/0    14:20   0:00   0:44 
Ryan Wilson              0  0  0   0  0   0  5  0  0  0  0/0    16:01   0:00   1:14 
Shane OBrien             0  0  0  -2  5   0  1  1  0  0  0/0    17:57   0:00   3:17 

3 Stars

1 - Andrei Loktionov (WSH)
2 - Dan Boyle (VAN)
3 - Gabriel Bourque (VAN)

Power Play

Capitals - 0 on 5 Attempt(s) - 0.00%
Canucks - 0 on 0 Attempt(s) - 0.00%

Penalty Kill

Capitals - 0 on 0 Attempt(s) - 0.00% - Score 0 goal in Penalty Kill
Canucks - 5 on 5 Attempt(s) - 100.00% - Score 1 goal in Penalty Kill

Official

Referees : Jason Rollins and Paul Devorski
Linesman : Brian Mach and Jean Morin

Game Notes

Michal Handzus is injured at 2:41 of 3rd period (Right Knee)
General Fight at 16:19 of 3rd period
Chris Phillips and John Carlson fight to a draw at 16:19 of 3rd period
Shane OBrien beats up Bryan Allen at 16:19 of 3rd period
Jannik Hansen beats up Gabriel Bourque at 16:19 of 3rd period

Finance

Level 1 -- Attendance: 5774 (92.98%) -- Ticket Income $461,920
Level 2 -- Attendance: 5175 (100.00%) -- Ticket Income $258,750
Level 3 -- Attendance: 1472 (71.11%) -- Ticket Income $51,520
Level 4 -- Attendance: 3273 (79.06%) -- Ticket Income $65,460
Luxury Box -- Attendance: 1028 (99.32%) -- Ticket Income $169,620
Game was played at the GM Place
Total Attendance: 16722 (89.76%)
Total Ticket Income: $1,007,270
Other Income: $493,562
Total Income: $1,500,832

Capitals

5 vs 5 Forward 
   Center                   Left Wing                Right Wing               Time % Phy DF OF 
 1 Chris Porter             Eric Tangradi            Dustin Penner            40     0   5  0  
 2 Andrei Loktionov         Ryane Clowe              Jannik Hansen            30     0   0  5  
 3 Ville Leino              Valeri Nichushkin        Adam Burish              20     0   0  5  
 4 Martin Erat              Mike Ribeiro             Jesper Fast              10     0   5  0  

5 vs 5 Defense 
   Defense                  Defense                                           Time % Phy DF OF 
 1 John Carlson             Bryan Allen                                       40     0   0  5  
 2 Greg Zanon               John-Michael Liles                                30     0   5  0  
 3 Jakub Kindl              Adam Pardy                                        20     5   0  0  
 4 John Carlson             Bryan Allen                                       10     0   5  0  

PowerPlay Forward 
   Center                   Left Wing                Right Wing               Time % Phy DF OF 
 1 Mike Ribeiro             Martin Erat              Dustin Penner            60     1   4  0  
 2 Andrei Loktionov         Ryane Clowe              Jannik Hansen            40     1   4  0  

PowerPlay Defense
   Defense                  Defense                                           Time % Phy DF OF 
 1 John Carlson             Bryan Allen                                       60     5   0  0  
 2 Greg Zanon               John-Michael Liles                                40     5   0  0  

Penalty Kill 4 Players Forward 
   Center                   Wing                     Time % Phy DF OF 
 1 Mike Ribeiro             Martin Erat              60     1   2  2  
 2 Dustin Penner            Ryane Clowe              40     1   2  2  

Penalty Kill 4 Players Defense
   Defense                  Defense                  Time % Phy DF OF 
 1 John Carlson             Bryan Allen              60     1   2  2  
 2 Greg Zanon               John-Michael Liles       40     1   2  2  

Penalty Kill - 3 Players Forward 
   Forward                                           Time % Phy DF OF 
 1 Mike Ribeiro                                      60     1   2  2  
 2 Martin Erat                                       40     1   2  2  

Penalty Kill - 3 Players Defense
   Defense                  Defense                  Time % Phy DF OF 
 1 John Carlson             Bryan Allen              60     1   2  2  
 2 Greg Zanon               John-Michael Liles       40     1   2  2  

4 vs 4 Forward 
   Center                   Wing                     Time % Phy DF OF 
 1 Mike Ribeiro             Martin Erat              60     1   2  2  
 2 Dustin Penner            Ryane Clowe              40     1   2  2  

4 vs 4 Defense
   Defense                  Defense                  Time % Phy DF OF 
 1 John Carlson             Bryan Allen              60     1   2  2  
 2 Greg Zanon               John-Michael Liles       40     1   2  2  

Last Minutes Offensive
   Center                   Left Wing                Right Wing               Defense                  Defense                  
   Mike Ribeiro             Martin Erat              Dustin Penner            John Carlson             Bryan Allen              

Last Minutes Defensive
   Center                   Left Wing                Right Wing               Defense                  Defense                  
   Mike Ribeiro             Martin Erat              Dustin Penner            John Carlson             Bryan Allen              

Goaltenders
Starting : Michal Neuvirth          
Backup : Braden Holtby            

Extra Forwards
Normal : Valeri Nichushkin, Ville Leino, Eric Tangradi - PP : Valeri Nichushkin, Ville Leino - PK : Eric Tangradi
Extra Defensemen
Normal : Jakub Kindl, Adam Pardy, Greg Zanon - PP : Jakub Kindl - PK : Adam Pardy, Greg Zanon
Penalty Shots
Mike Ribeiro, Martin Erat, Dustin Penner, Ryane Clowe, Jannik Hansen

Canucks

5 vs 5 Forward 
   Center                   Left Wing                Right Wing               Time % Phy DF OF 
 1 Olli Jokinen             Gabriel Bourque          Nathan Horton            40     1   2  2  
 2 Rich Peverley            Marcus Foligno           Marian Gaborik           30     1   2  2  
 3 Michal Handzus           Bryan Bickell            Richard Panik            20     1   2  2  
 4 Olli Jokinen             Chris Terry              Nicklas Jensen           10     1   2  2  

5 vs 5 Defense 
   Defense                  Defense                                           Time % Phy DF OF 
 1 Dan Boyle                Jay Harrison                                      40     1   2  2  
 2 Chris Phillips           Shane OBrien                                      30     1   2  2  
 3 Ryan Wilson              Matt Hunwick                                      20     1   2  2  
 4 Aaron Ness               Dan Boyle                                         10     1   2  2  

PowerPlay Forward 
   Center                   Left Wing                Right Wing               Time % Phy DF OF 
 1 Olli Jokinen             Gabriel Bourque          Nathan Horton            60     1   2  2  
 2 Rich Peverley            Marcus Foligno           Marian Gaborik           40     1   2  2  

PowerPlay Defense
   Defense                  Defense                                           Time % Phy DF OF 
 1 Dan Boyle                Jay Harrison                                      60     1   2  2  
 2 Chris Phillips           Shane OBrien                                      40     1   2  2  

Penalty Kill 4 Players Forward 
   Center                   Wing                     Time % Phy DF OF 
 1 Marcus Foligno           Bryan Bickell            60     1   2  2  
 2 Michal Handzus           Nathan Horton            40     1   2  2  

Penalty Kill 4 Players Defense
   Defense                  Defense                  Time % Phy DF OF 
 1 Dan Boyle                Shane OBrien             60     1   2  2  
 2 Chris Phillips           Jay Harrison             40     1   2  2  

Penalty Kill - 3 Players Forward 
   Forward                                           Time % Phy DF OF 
 1 Marcus Foligno                                    60     1   2  2  
 2 Michal Handzus                                    40     1   2  2  

Penalty Kill - 3 Players Defense
   Defense                  Defense                  Time % Phy DF OF 
 1 Dan Boyle                Shane OBrien             60     1   2  2  
 2 Chris Phillips           Jay Harrison             40     1   2  2  

4 vs 4 Forward 
   Center                   Wing                     Time % Phy DF OF 
 1 Olli Jokinen             Gabriel Bourque          60     1   2  2  
 2 Rich Peverley            Nathan Horton            40     1   2  2  

4 vs 4 Defense
   Defense                  Defense                  Time % Phy DF OF 
 1 Dan Boyle                Jay Harrison             60     1   2  2  
 2 Chris Phillips           Shane OBrien             40     1   2  2  

Last Minutes Offensive
   Center                   Left Wing                Right Wing               Defense                  Defense                  
   Rich Peverley            Marcus Foligno           Marian Gaborik           Dan Boyle                Jay Harrison             

Last Minutes Defensive
   Center                   Left Wing                Right Wing               Defense                  Defense                  
   Olli Jokinen             Gabriel Bourque          Nathan Horton            Chris Phillips           Shane OBrien             

Goaltenders
Starting : Jonathan Quick           
Backup : Thomas Greiss            

Extra Forwards
Normal : Richard Panik, Chris Terry, Nicklas Jensen - PP : Richard Panik, Chris Terry - PK : Nicklas Jensen
Extra Defensemen
Normal : Aaron Ness, Matt Hunwick, Ryan Wilson - PP : Aaron Ness - PK : Matt Hunwick, Ryan Wilson
Penalty Shots
Chris Terry, Marian Gaborik, Rich Peverley, Olli Jokinen, Nicklas Jensen

% Time on Ice - Capitals

Lines # - Real PCT - Wanted PCT - Time Play
Normal Forward
1 - 32% - 40% - 15:15
2 - 27% - 30% - 13:12
3 - 20% - 20% - 9:47
4 - 21% - 10% - 10:09
Normal Defense
1 - 36% - 40% - 17:15
2 - 33% - 30% - 16:02
3 - 29% - 20% - 13:48
4 - 3% - 10% - 1:18
PP Forward
1 - 47% - 60% - 4:31
2 - 53% - 40% - 5:07
PP Defense
1 - 59% - 60% - 5:40
2 - 41% - 40% - 3:58
PK Forward
1 - 0% - 60%
2 - 0% - 40%
PK Defense
1 - 0% - 60%
2 - 0% - 40%
PK3 Forward
1 - 0% - 60%
2 - 0% - 40%
PK3 Defense
1 - 0% - 60%
2 - 0% - 40%
44 Forward
1 - 91% - 60% - 1:48
2 - 9% - 40% - 0:11
44 Defense
1 - 9% - 60% - 0:11
2 - 91% - 40% - 1:48
Last Minute Offensive  - 0:00
Last Minute Defensive  - 0:00
Total
Forward - 60:00
Defense - 60:00

% Time on Ice - Canucks

Lines # - Real PCT - Wanted PCT - Time Play
Normal Forward
1 - 25% - 40% - 12:10
2 - 31% - 30% - 15:14
3 - 28% - 20% - 13:37
4 - 15% - 10% - 7:22
Normal Defense
1 - 27% - 40% - 13:17
2 - 30% - 30% - 14:41
3 - 31% - 20% - 14:47
4 - 12% - 10% - 5:38
PP Forward
1 - 0% - 60%
2 - 0% - 40%
PP Defense
1 - 0% - 60%
2 - 0% - 40%
PK Forward
1 - 64% - 60% - 6:11
2 - 36% - 40% - 3:27
PK Defense
1 - 51% - 60% - 4:52
2 - 49% - 40% - 4:46
PK3 Forward
1 - 0% - 60%
2 - 0% - 40%
PK3 Defense
1 - 0% - 60%
2 - 0% - 40%
44 Forward
1 - 100% - 60% - 1:59
2 - 0% - 40% - 0:00
44 Defense
1 - 34% - 60% - 0:41
2 - 66% - 40% - 1:18
Last Minute Offensive  - 0:00
Last Minute Defensive  - 0:00
Total
Forward - 60:00
Defense - 60:00

Play by Play

1st period


0:01 of 1st period - Chris Porter wins face-off versus Olli Jokinen in neutral zone.
1:05 of 1st period - Shot by Andrei Loktionov.
1:05 of 1st period - Shot Misses the Net.
1:11 of 1st period - Shot by Jannik Hansen.
1:11 of 1st period - Shot Misses the Net.
1:13 of 1st period - Shot by John-Michael Liles.
1:13 of 1st period - Stopped by Jonathan Quick with a rebound.
1:15 of 1st period - Shot by John-Michael Liles.
1:15 of 1st period - Shot Blocked by Shane OBrien.
1:20 of 1st period - Icing by Chris Phillips.
1:21 of 1st period - Ville Leino wins face-off versus Rich Peverley in Canucks zone.
1:30 of 1st period - Shot by Adam Burish.
1:30 of 1st period - Shot Misses the Net.
1:32 of 1st period - Shot by Jakub Kindl.
1:32 of 1st period - Shot Misses the Net.
1:34 of 1st period - Shot by Adam Burish.
1:34 of 1st period - Deflect By Valeri Nichushkin.
1:34 of 1st period - Shot Misses the Net.
2:05 of 1st period - Icing by Marian Gaborik.
2:06 of 1st period - Martin Erat wins face-off versus Rich Peverley in Canucks zone.
3:09 of 1st period - Shot by Richard Panik.
3:09 of 1st period - Shot Misses the Net.
4:00 of 1st period - Icing by John-Michael Liles.
4:01 of 1st period - Andrei Loktionov wins face-off versus Olli Jokinen in Capitals zone.
4:16 of 1st period - Shot by Nicklas Jensen.
4:16 of 1st period - Stopped by Michal Neuvirth without a rebound.
4:17 of 1st period - Chris Porter wins face-off versus Bryan Bickell in Capitals zone.
4:23 of 1st period - Minor Penalty to Richard Panik for Hooking.
4:24 of 1st period - Mike Ribeiro wins face-off versus Nicklas Jensen in Canucks zone.
4:36 of 1st period - Icing by John Carlson.
4:37 of 1st period - Marcus Foligno wins face-off versus Dustin Penner in Capitals zone.
4:38 of 1st period - Shot by Bryan Bickell.
4:38 of 1st period - Stopped by Michal Neuvirth without a rebound.
4:39 of 1st period - Andrei Loktionov wins face-off versus Marcus Foligno in Capitals zone.
4:39 of 1st period - Jannik Hansen is hit by Marcus Foligno and loses puck.
5:27 of 1st period - Shot by John Carlson.
5:27 of 1st period - Shot Blocked by Dan Boyle.
6:02 of 1st period - Shot by Michal Handzus.
6:02 of 1st period - Shot Misses the Net.
6:56 of 1st period - Icing by Ryan Wilson.
6:57 of 1st period - Chris Porter wins face-off versus Olli Jokinen in Canucks zone.
6:58 of 1st period - Shot by Dustin Penner.
6:58 of 1st period - Stopped by Jonathan Quick without a rebound.
6:59 of 1st period - Rich Peverley wins face-off versus Chris Porter in Canucks zone.
6:59 of 1st period - Rich Peverley is hit by Eric Tangradi.
7:13 of 1st period - Dan Boyle is hit by Dustin Penner and loses puck.
7:53 of 1st period - Icing by Jesper Fast.
7:54 of 1st period - Michal Handzus wins face-off versus Martin Erat in Capitals zone.
8:13 of 1st period - Jesper Fast is hit by Bryan Bickell and loses puck.
8:29 of 1st period - Off-side.
8:30 of 1st period - Nathan Horton wins face-off versus Andrei Loktionov in neutral zone.
8:41 of 1st period - Shot by Andrei Loktionov.
8:41 of 1st period - Goal by Andrei Loktionov - Capitals : 1 - Canucks : 0.
8:42 of 1st period - Chris Porter wins face-off versus Olli Jokinen in neutral zone.
9:11 of 1st period - Shot by Dan Boyle.
9:11 of 1st period - Shot Blocked by Dustin Penner.
10:04 of 1st period - Icing by Bryan Allen.
10:05 of 1st period - Michal Handzus wins face-off versus Chris Porter in Capitals zone.
10:10 of 1st period - Shot by Bryan Bickell.
10:10 of 1st period - Deflect By Michal Handzus.
10:10 of 1st period - Shot Blocked by John Carlson.
10:25 of 1st period - Shot by Michal Handzus.
10:25 of 1st period - Shot Misses the Net.
10:27 of 1st period - Shot by Michal Handzus.
10:27 of 1st period - Shot Misses the Net.
10:29 of 1st period - Shot by Matt Hunwick.
10:29 of 1st period - Stopped by Michal Neuvirth without a rebound.
10:30 of 1st period - Andrei Loktionov wins face-off versus Olli Jokinen in Capitals zone.
10:51 of 1st period - Shot by Gabriel Bourque.
10:51 of 1st period - Stopped by Michal Neuvirth without a rebound.
10:52 of 1st period - Rich Peverley wins face-off versus Ville Leino in Capitals zone.
11:09 of 1st period - Icing by Marian Gaborik.
11:10 of 1st period - Marcus Foligno wins face-off versus Andrei Loktionov in Canucks zone.
11:15 of 1st period - Shot by Ryane Clowe.
11:15 of 1st period - Shot Misses the Net.
11:25 of 1st period - Shot by Andrei Loktionov.
11:25 of 1st period - Stopped by Jonathan Quick with a rebound.
11:32 of 1st period - Jannik Hansen is hit by Shane OBrien and loses puck.
11:36 of 1st period - Double Minor Penalty to Chris Phillips for Roughing.
11:37 of 1st period - Mike Ribeiro wins face-off versus Marcus Foligno in Canucks zone.
12:00 of 1st period - Shot by Nathan Horton.
12:00 of 1st period - Shot Misses the Net.
12:50 of 1st period - Shot by Mike Ribeiro.
12:50 of 1st period - Deflect By Dustin Penner.
12:50 of 1st period - Stopped by Jonathan Quick without a rebound.
12:51 of 1st period - Nathan Horton wins face-off versus Mike Ribeiro in Canucks zone.
13:03 of 1st period - Shot by John Carlson.
13:03 of 1st period - Stopped by Jonathan Quick without a rebound.
13:04 of 1st period - Andrei Loktionov wins face-off versus Marcus Foligno in Canucks zone.
13:47 of 1st period - Shot by Nathan Horton.
13:47 of 1st period - Shot Hit the Post.
13:50 of 1st period - Icing by John Carlson.
13:51 of 1st period - Marcus Foligno wins face-off versus Mike Ribeiro in Capitals zone.
15:42 of 1st period - Shot by Olli Jokinen.
15:42 of 1st period - Shot Blocked by Jakub Kindl.
15:47 of 1st period - Icing by Adam Pardy.
15:48 of 1st period - Olli Jokinen wins face-off versus Chris Porter in Capitals zone.
16:07 of 1st period - Shot by Olli Jokinen.
16:07 of 1st period - Stopped by Michal Neuvirth without a rebound.
16:08 of 1st period - Michal Handzus wins face-off versus Jesper Fast in Capitals zone.
16:13 of 1st period - Shot by Bryan Bickell.
16:13 of 1st period - Shot Misses the Net.
16:15 of 1st period - Shot by Richard Panik.
16:15 of 1st period - Stopped by Michal Neuvirth with a rebound.
16:17 of 1st period - Shot by Matt Hunwick.
16:17 of 1st period - Stopped by Michal Neuvirth without a rebound.
16:18 of 1st period - Olli Jokinen wins face-off versus Andrei Loktionov in Capitals zone.
17:26 of 1st period - Shot by Richard Panik.
17:26 of 1st period - Stopped by Michal Neuvirth without a rebound.
17:27 of 1st period - Rich Peverley wins face-off versus Chris Porter in Capitals zone.
17:44 of 1st period - Shot by Chris Porter.
17:44 of 1st period - Shot Misses the Net.
19:03 of 1st period - Off-side.
19:04 of 1st period - Bryan Bickell wins face-off versus Andrei Loktionov in neutral zone.
19:23 of 1st period - Shot by Andrei Loktionov.
19:23 of 1st period - Goal by Andrei Loktionov - Capitals : 2 - Canucks : 0.
19:24 of 1st period - Olli Jokinen wins face-off versus Martin Erat in neutral zone.
19:47 of 1st period - Shot by Martin Erat.
19:47 of 1st period - Stopped by Jonathan Quick without a rebound.
19:48 of 1st period - Michal Handzus wins face-off versus Chris Porter in Canucks zone.
Goals for this period are 2 for Capitals vs 0 for Canucks.
Shots for this period are 8 for Capitals vs 8 for Canucks.

2nd period


0:01 of 2nd period - Olli Jokinen wins face-off versus Chris Porter in neutral zone.
0:13 of 2nd period - Shot by Olli Jokinen.
0:13 of 2nd period - Shot Misses the Net.
0:15 of 2nd period - Shot by Gabriel Bourque.
0:15 of 2nd period - Shot Misses the Net.
0:17 of 2nd period - Shot by Gabriel Bourque.
0:17 of 2nd period - Stopped by Michal Neuvirth with a rebound.
0:23 of 2nd period - Shot by Nathan Horton.
0:23 of 2nd period - Stopped by Michal Neuvirth without a rebound.
0:24 of 2nd period - Andrei Loktionov wins face-off versus Michal Handzus in Capitals zone.
1:19 of 2nd period - Icing by Bryan Allen.
1:20 of 2nd period - Ville Leino wins face-off versus Olli Jokinen in Capitals zone.
1:20 of 2nd period - Ville Leino is hit by Olli Jokinen.
1:26 of 2nd period - Shot by Gabriel Bourque.
1:26 of 2nd period - Shot Misses the Net.
1:36 of 2nd period - Shot by Nathan Horton.
1:36 of 2nd period - Shot Misses the Net.
1:38 of 2nd period - Shot by Gabriel Bourque.
1:38 of 2nd period - Stopped by Michal Neuvirth without a rebound.
1:39 of 2nd period - Rich Peverley wins face-off versus Chris Porter in Capitals zone.
1:55 of 2nd period - Shot by Rich Peverley.
1:55 of 2nd period - Stopped by Michal Neuvirth without a rebound.
1:56 of 2nd period - Olli Jokinen wins face-off versus Martin Erat in Capitals zone.
2:05 of 2nd period - Shot by Nathan Horton.
2:05 of 2nd period - Stopped by Michal Neuvirth without a rebound.
2:06 of 2nd period - Rich Peverley wins face-off versus Andrei Loktionov in Capitals zone.
3:10 of 2nd period - Icing by John-Michael Liles.
3:11 of 2nd period - Olli Jokinen wins face-off versus Chris Porter in Capitals zone.
3:38 of 2nd period - Shot by Olli Jokinen.
3:38 of 2nd period - Shot Misses the Net.
4:45 of 2nd period - Icing by Adam Pardy.
4:46 of 2nd period - Ville Leino wins face-off versus Chris Terry in Capitals zone.
6:03 of 2nd period - Shot by Mike Ribeiro.
6:03 of 2nd period - Shot Misses the Net.
6:15 of 2nd period - Shot by Mike Ribeiro.
6:15 of 2nd period - Shot Blocked by Dan Boyle.
6:49 of 2nd period - Shot by Dustin Penner.
6:49 of 2nd period - Shot Misses the Net.
7:50 of 2nd period - Shot by Jannik Hansen.
7:50 of 2nd period - Stopped by Jonathan Quick without a rebound.
7:51 of 2nd period - Martin Erat wins face-off versus Rich Peverley in Canucks zone.
8:20 of 2nd period - Rich Peverley is hit by Martin Erat.
9:16 of 2nd period - Icing by Bryan Allen.
9:17 of 2nd period - Michal Handzus wins face-off versus Andrei Loktionov in Capitals zone.
10:40 of 2nd period - Chris Phillips is hit by Dustin Penner and loses puck.
10:51 of 2nd period - Shot by Jakub Kindl.
10:51 of 2nd period - Shot Blocked by Chris Phillips.
11:01 of 2nd period - Shot by Dustin Penner.
11:01 of 2nd period - Stopped by Jonathan Quick with a rebound.
11:13 of 2nd period - Jesper Fast is hit by Marcus Foligno and loses puck.
11:19 of 2nd period - Off-side.
11:20 of 2nd period - Andrei Loktionov wins face-off versus Chris Phillips in neutral zone.
11:27 of 2nd period - Shot by Ryane Clowe.
11:27 of 2nd period - Stopped by Jonathan Quick without a rebound.
11:28 of 2nd period - Rich Peverley wins face-off versus Martin Erat in Canucks zone.
12:03 of 2nd period - Martin Erat is hit by Nathan Horton and loses puck.
12:27 of 2nd period - Icing by Shane OBrien.
12:28 of 2nd period - Marcus Foligno wins face-off versus Ryane Clowe in Canucks zone.
12:37 of 2nd period - Shot by Marcus Foligno.
12:37 of 2nd period - Stopped by Michal Neuvirth without a rebound.
12:38 of 2nd period - Michal Handzus wins face-off versus Chris Porter in Capitals zone.
13:21 of 2nd period - Ryan Wilson is hit by Eric Tangradi and loses puck.
13:36 of 2nd period - Shot by Ryane Clowe.
13:36 of 2nd period - Shot Misses the Net.
13:42 of 2nd period - Jannik Hansen is hit by Bryan Bickell.
14:14 of 2nd period - Shot by Gabriel Bourque.
14:14 of 2nd period - Stopped by Michal Neuvirth without a rebound.
14:15 of 2nd period - Ville Leino wins face-off versus Rich Peverley in Capitals zone.
14:15 of 2nd period - Valeri Nichushkin is hit by Marcus Foligno and loses puck.
14:16 of 2nd period - Minor Penalty to Marcus Foligno for Roughing.
14:17 of 2nd period - Mike Ribeiro wins face-off versus Nicklas Jensen in Canucks zone.
14:38 of 2nd period - Shot by Marian Gaborik.
14:38 of 2nd period - Shot Misses the Net.
14:40 of 2nd period - Shot by Nicklas Jensen.
14:40 of 2nd period - Goal by Nicklas Jensen - Capitals : 2 - Canucks : 1.
14:41 of 2nd period - Andrei Loktionov wins face-off versus Nicklas Jensen in neutral zone.
14:45 of 2nd period - Shot by Jannik Hansen.
14:45 of 2nd period - Stopped by Jonathan Quick without a rebound.
14:46 of 2nd period - Marian Gaborik wins face-off versus Andrei Loktionov in Canucks zone.
15:51 of 2nd period - Icing by Mike Ribeiro.
15:52 of 2nd period - Rich Peverley wins face-off versus Dustin Penner in Capitals zone.
16:04 of 2nd period - Icing by John-Michael Liles.
16:05 of 2nd period - Nicklas Jensen wins face-off versus Mike Ribeiro in Capitals zone.
17:20 of 2nd period - Icing by Bryan Allen.
17:21 of 2nd period - Michal Handzus wins face-off versus Andrei Loktionov in Capitals zone.
17:36 of 2nd period - Shot by Jannik Hansen.
17:36 of 2nd period - Shot Misses the Net.
18:09 of 2nd period - Icing by Olli Jokinen.
18:10 of 2nd period - Olli Jokinen wins face-off versus Martin Erat in Canucks zone.
18:12 of 2nd period - Jay Harrison is hit by Mike Ribeiro and loses puck.
18:16 of 2nd period - Dan Boyle is hit by Greg Zanon and loses puck.
18:23 of 2nd period - Shot by Chris Terry.
18:23 of 2nd period - Shot Misses the Net.
18:54 of 2nd period - John-Michael Liles is hit by Ryan Wilson and loses puck.
19:38 of 2nd period - Eric Tangradi is hit by Marcus Foligno and loses puck.
19:58 of 2nd period - Marian Gaborik is hit by Adam Pardy and loses puck.
Goals for this period are 0 for Capitals vs 1 for Canucks.
Shots for this period are 4 for Capitals vs 8 for Canucks.

3rd period


0:01 of 3rd period - Olli Jokinen wins face-off versus Chris Porter in neutral zone.
0:08 of 3rd period - Shot by Nathan Horton.
0:08 of 3rd period - Shot Misses the Net.
0:10 of 3rd period - Shot by Nathan Horton.
0:10 of 3rd period - Stopped by Michal Neuvirth without a rebound.
0:11 of 3rd period - Rich Peverley wins face-off versus Andrei Loktionov in Capitals zone.
0:21 of 3rd period - Icing by Jannik Hansen.
0:22 of 3rd period - Olli Jokinen wins face-off versus Andrei Loktionov in Capitals zone.
0:25 of 3rd period - Shot by Gabriel Bourque.
0:25 of 3rd period - Stopped by Michal Neuvirth with a rebound.
0:27 of 3rd period - Shot by Jay Harrison.
0:27 of 3rd period - Shot Misses the Net.
0:29 of 3rd period - Shot by Nathan Horton.
0:29 of 3rd period - Deflect By Gabriel Bourque.
0:29 of 3rd period - Stopped by Michal Neuvirth with a rebound.
0:35 of 3rd period - Shot by Nathan Horton.
0:35 of 3rd period - Shot Misses the Net.
0:37 of 3rd period - Shot by Gabriel Bourque.
0:37 of 3rd period - Goal by Gabriel Bourque - Capitals : 2 - Canucks : 2.
0:38 of 3rd period - Rich Peverley wins face-off versus Chris Porter in neutral zone.
0:51 of 3rd period - Shot by Marian Gaborik.
0:51 of 3rd period - Shot Blocked by John Carlson.
0:53 of 3rd period - Shot by Rich Peverley.
0:53 of 3rd period - Shot Misses the Net.
0:55 of 3rd period - Shot by Chris Phillips.
0:55 of 3rd period - Stopped by Michal Neuvirth with a rebound.
1:09 of 3rd period - Shot by Marcus Foligno.
1:09 of 3rd period - Shot Blocked by John Carlson.
1:11 of 3rd period - Shot by Rich Peverley.
1:11 of 3rd period - Shot Misses the Net.
2:40 of 3rd period - Michal Handzus is hit by Ville Leino and loses puck.
2:41 of 3rd period - Michal Handzus from Canucks is injured at 2:41 of 3rd period (Right Knee).
2:42 of 3rd period - Martin Erat wins face-off versus Rich Peverley in neutral zone.
3:02 of 3rd period - Shot by Jesper Fast.
3:02 of 3rd period - Shot Misses the Net.
3:13 of 3rd period - Shot by Martin Erat.
3:13 of 3rd period - Shot Misses the Net.
3:15 of 3rd period - Shot by John Carlson.
3:15 of 3rd period - Shot Blocked by Chris Phillips.
3:39 of 3rd period - Shot by Dustin Penner.
3:39 of 3rd period - Stopped by Jonathan Quick without a rebound.
3:40 of 3rd period - Chris Terry wins face-off versus Andrei Loktionov in Canucks zone.
4:34 of 3rd period - Icing by Ryan Wilson.
4:35 of 3rd period - Olli Jokinen wins face-off versus Chris Porter in Canucks zone.
4:42 of 3rd period - Shot by Olli Jokinen.
4:42 of 3rd period - Shot Misses the Net.
4:58 of 3rd period - Shot by Nathan Horton.
4:58 of 3rd period - Stopped by Michal Neuvirth without a rebound.
4:59 of 3rd period - Rich Peverley wins face-off versus Ville Leino in Capitals zone.
5:46 of 3rd period - Icing by Greg Zanon.
5:47 of 3rd period - Ville Leino wins face-off versus Chris Terry in Capitals zone.
6:11 of 3rd period - Icing by Matt Hunwick.
6:12 of 3rd period - Chris Porter wins face-off versus Chris Terry in Canucks zone.
6:14 of 3rd period - Dustin Penner is hit by Ryan Wilson and loses puck.
6:26 of 3rd period - Bryan Bickell is hit by Bryan Allen and loses puck.
6:41 of 3rd period - Shot by Olli Jokinen.
6:41 of 3rd period - Shot Blocked by John Carlson.
6:59 of 3rd period - Shot by Olli Jokinen.
6:59 of 3rd period - Shot Blocked by John Carlson.
7:01 of 3rd period - Shot by Gabriel Bourque.
7:01 of 3rd period - Goal by Gabriel Bourque - Capitals : 2 - Canucks : 3.
7:02 of 3rd period - Rich Peverley wins face-off versus Andrei Loktionov in neutral zone.
7:10 of 3rd period - Shot by Rich Peverley.
7:10 of 3rd period - Stopped by Michal Neuvirth without a rebound.
7:11 of 3rd period - Martin Erat wins face-off versus Rich Peverley in Capitals zone.
8:18 of 3rd period - Shot by Andrei Loktionov.
8:18 of 3rd period - Deflect By Ryane Clowe.
8:18 of 3rd period - Shot Misses the Net.
8:22 of 3rd period - Shot by Jannik Hansen.
8:22 of 3rd period - Stopped by Jonathan Quick without a rebound.
8:23 of 3rd period - Olli Jokinen wins face-off versus Ville Leino in Canucks zone.
8:23 of 3rd period - Olli Jokinen is hit by Ville Leino.
8:29 of 3rd period - John Carlson is hit by Nathan Horton and loses puck.
8:38 of 3rd period - Icing by Jay Harrison.
8:39 of 3rd period - Eric Tangradi wins face-off versus Olli Jokinen in Canucks zone.
8:40 of 3rd period - Shot by Dustin Penner.
8:40 of 3rd period - Shot Misses the Net.
8:56 of 3rd period - Shot by Chris Porter.
8:56 of 3rd period - Shot Misses the Net.
9:00 of 3rd period - Shot by Dustin Penner.
9:00 of 3rd period - Shot Misses the Net.
9:45 of 3rd period - Icing by John Carlson.
9:46 of 3rd period - Olli Jokinen wins face-off versus Chris Porter in Capitals zone.
10:25 of 3rd period - Off-side.
10:26 of 3rd period - Rich Peverley wins face-off versus Andrei Loktionov in neutral zone.
10:35 of 3rd period - Marian Gaborik is hit by Jannik Hansen and loses puck.
10:52 of 3rd period - Ryane Clowe is hit by Marcus Foligno and loses puck.
11:22 of 3rd period - Icing by Ryan Wilson.
11:23 of 3rd period - Ville Leino wins face-off versus Nicklas Jensen in Canucks zone.
11:26 of 3rd period - Shot by Adam Burish.
11:26 of 3rd period - Stopped by Jonathan Quick without a rebound.
11:27 of 3rd period - Olli Jokinen wins face-off versus Ville Leino in Canucks zone.
12:10 of 3rd period - Jesper Fast is hit by Gabriel Bourque and loses puck.
12:31 of 3rd period - Shot by Mike Ribeiro.
12:31 of 3rd period - Stopped by Jonathan Quick without a rebound.
12:32 of 3rd period - Rich Peverley wins face-off versus Andrei Loktionov in Canucks zone.
12:57 of 3rd period - Off-side.
12:58 of 3rd period - Martin Erat wins face-off versus Chris Terry in neutral zone.
12:58 of 3rd period - Mike Ribeiro is hit by Bryan Bickell and loses puck.
13:06 of 3rd period - Mike Ribeiro is hit by Ryan Wilson and loses puck.
13:17 of 3rd period - Shot by Mike Ribeiro.
13:17 of 3rd period - Shot Misses the Net.
13:22 of 3rd period - Jesper Fast is hit by Ryan Wilson and loses puck.
13:36 of 3rd period - Icing by Richard Panik.
13:37 of 3rd period - Chris Porter wins face-off versus Chris Terry in Canucks zone.
13:40 of 3rd period - Shot by Dustin Penner.
13:40 of 3rd period - Shot Misses the Net.
14:00 of 3rd period - Eric Tangradi is hit by Ryan Wilson and loses puck.
15:09 of 3rd period - Ryan Wilson is hit by Jannik Hansen.
15:10 of 3rd period - Icing by Ryan Wilson.
15:11 of 3rd period - Mike Ribeiro wins face-off versus Chris Terry in Canucks zone.
15:35 of 3rd period - Shot by Dan Boyle.
15:35 of 3rd period - Stopped by Michal Neuvirth without a rebound.
15:36 of 3rd period - Rich Peverley wins face-off versus Chris Porter in Capitals zone.
15:39 of 3rd period - Shot by Marian Gaborik.
15:39 of 3rd period - Shot Misses the Net.
15:41 of 3rd period - Shot by Dan Boyle.
15:41 of 3rd period - Stopped by Michal Neuvirth with a rebound.
15:57 of 3rd period - Shot by Marian Gaborik.
15:57 of 3rd period - Stopped by Michal Neuvirth without a rebound.
15:58 of 3rd period - Olli Jokinen wins face-off versus Andrei Loktionov in Capitals zone.
16:19 of 3rd period - Chris Phillips and John Carlson fight to a draw.
16:19 of 3rd period - Penalty to Chris Phillips for Fighting.
16:19 of 3rd period - Penalty to John Carlson for Fighting.
16:19 of 3rd period - Shane OBrien beats up Bryan Allen.
16:19 of 3rd period - Penalty to Shane OBrien for Fighting.
16:19 of 3rd period - Penalty to Bryan Allen for Fighting.
16:19 of 3rd period - Jannik Hansen beats up Gabriel Bourque.
16:19 of 3rd period - Penalty to Gabriel Bourque for Fighting.
16:19 of 3rd period - Penalty to Jannik Hansen for Fighting.
16:19 of 3rd period - Double Minor Penalty to Olli Jokinen for High sticking.
16:19 of 3rd period - Minor Penalty to Nathan Horton for Cross-checking.
16:19 of 3rd period - Minor Penalty to Ryane Clowe for Boarding.
16:19 of 3rd period - Minor Penalty to Andrei Loktionov for Roughing.
16:20 of 3rd period - Mike Ribeiro wins face-off versus Nicklas Jensen in neutral zone.
16:35 of 3rd period - Shot by Martin Erat.
16:35 of 3rd period - Deflect By Mike Ribeiro.
16:35 of 3rd period - Stopped by Jonathan Quick with a rebound.
19:02 of 3rd period - Capitals, Michal Neuvirth is pulled from the net.
19:15 of 3rd period - Shot by Ryane Clowe.
19:15 of 3rd period - Stopped by Jonathan Quick without a rebound.
19:16 of 3rd period - Rich Peverley wins face-off versus Andrei Loktionov in Canucks zone.
Goals for this period are 0 for Capitals vs 2 for Canucks.
Shots for this period are 6 for Capitals vs 11 for Canucks.


Output by the SimonT Hockey Simulator (STHS) for Drew Barclay -- Original Page W3C XHTML 1.0 Valid
Hockey Simulator - Hockey Simulation - Hockey Manager